Map: Sito di ricerca JD-2

Players

BulletTiger

  • Race: Protoss Protoss
  • Spawn Location: 12:00

Sellőharcos

  • Race: Terran Terran
  • League: Diamond
  • Spawn Location: 3:00

Zyntaxable

  • Race: Zerg Zerg
  • League: Platinum
  • Spawn Location: 1:00

antti

  • Race: Protoss Protoss
  • League: Diamond
  • Spawn Location: 12:00

LaWeedaLoca

  • Race: Zerg Zerg
  • League: Master
  • Spawn Location: 7:00

illusio

  • Race: Protoss Protoss
  • League: Platinum
  • Spawn Location: 7:00

IlBirraioOo

  • Race: Terran Terran
  • League: Diamond
  • Spawn Location: 6:00

Jhyrachy

  • Race: Zerg Zerg
  • Spawn Location: 6:00

VOD

Have the link to the VOD?

Description

Time

  • Played on: Feb. 6, 2016, 5:53 p.m.
  • Length: 7:49
Show
View Real Time Build Order
Export as new Build Order

BulletTiger Protoss 

Build Orders: Oracle Opening 

Get SALT Encoding   

  12  0:02  Probe (Chrono Boost)  
  13  0:12  Probe (Chrono Boost)  
  14  0:19  Pylon  
  14  0:23  Probe (Chrono Boost)  
  15  0:37  Probe (Chrono Boost)  
  15  0:38  Gateway  
  16  0:45  Assimilator  
  16  0:49  Probe (Chrono Boost)  
  17  0:53  Assimilator  
  17  0:59  Probe (Chrono Boost)  
  18  1:05  Pylon  
  18  1:10  Probe (Chrono Boost)  
  19  1:22  Probe (Chrono Boost)  
  20  1:26  Cybernetics Core  
  20  1:32  Probe (Chrono Boost)  
  21  1:43  Probe (Chrono Boost)  
  23  1:54  Probe (Chrono Boost)  
  23  2:03  Stargate  
  23  2:05  Adept (Chrono Boost)  
  25  2:09  Warp Gate  
  25  2:14  Probe  
  26  2:19  Pylon  
  26  2:26  Mothership Core (Chrono Boost)  
  27  2:46  Oracle (Chrono Boost)  
  30  3:08  Adept  
  32  3:13  Nexus  
  32  3:16  Pylon  
  32  3:24  Probe  
  33  3:36  Probe  
  31  3:48  Probe  
  31  3:49  Oracle (Chrono Boost)  
  35  4:01  Probe, Gateway  
  35  4:02  Gateway  
  36  4:13  Probe  
  37  4:23  Phoenix (Chrono Boost)  
  39  4:25  Probe  
  40  4:37  Probe  
  41  4:44  Stargate  
  43  4:45  Phoenix (Chrono Boost)  
  43  4:47  Probe  
  43  4:49  Probe  
  45  4:53  Assimilator  
  45  4:58  Probe  
  46  5:01  Probe  
  40  5:07  Phoenix (Chrono Boost)  
  42  5:19  Probe  
  42  5:21  Probe  
  44  5:29  Phoenix (Chrono Boost)  
  44  5:30  Probe  
  44  5:33  Probe  
  48  5:40  Phoenix (Chrono Boost), Probe  
  51  5:44  Assimilator  
  51  5:45  Probe  
  52  5:51  Phoenix (Chrono Boost), Probe  
  57  6:05  Phoenix (Chrono Boost), Probe  
  57  6:06  Probe  
  59  6:12  Phoenix (Chrono Boost)  
  61  6:30  Phoenix (Chrono Boost)  
  61  6:31  Pylon  
  60  6:33  Pylon  
  60  6:41  Probe, Fleet Beacon  
  61  6:50  Phoenix (Chrono Boost)  
  61  6:51  Probe  
  66  6:55  Phoenix (Chrono Boost)  
  60  7:16  Phoenix (Chrono Boost)  
  60  7:20  Phoenix (Chrono Boost)  
  64  7:29  Probe  
Show
View Real Time Build Order
Export as new Build Order

Sellőharcos Terran 

Build Orders: MMM Bio 

Get SALT Encoding   

  12  0:01  SCV  
  13  0:14  SCV  
  14  0:19  Supply Depot  
  14  0:26  SCV  
  15  0:40  SCV  
  15  0:42  Barracks  
  16  0:54  Barracks  
  16  0:56  SCV  
  17  1:08  SCV  
  18  1:16  Barracks  
  18  1:20  SCV  
  19  1:34  Supply Depot  
  19  1:39  Supply Depot  
  19  1:41  SCV  
  19  1:43  Marine x2  
  22  1:54  Barracks  
  22  2:01  Marine  
  22  2:08  Orbital Command  
  23  2:11  Marine  
  24  2:19  Refinery  
  24  2:21  Refinery  
  24  2:26  Marine  
  24  2:28  Marine  
  26  2:31  Marine  
  27  2:40  SCV  
  28  2:44  Marine  
  28  2:45  Marine  
  28  2:46  Marine  
  31  2:52  SCV  
  31  2:55  Marine  
  33  3:04  SCV  
  34  3:07  Marine x2  
  34  3:09  Barracks Tech Lab  
  36  3:17  SCV  
  37  3:20  Marine  
  37  3:23  Factory  
  37  3:25  Marine  
  39  3:27  Combat Shields  
  39  3:44  Supply Depot  
  39  3:47  Supply Depot  
  39  4:08  SCV  
  40  4:10  Command Center  
  40  4:15  Supply Depot  
  40  4:16  Factory Tech Lab  
  40  4:20  SCV  
  41  4:32  SCV  
  42  4:46  SCV  
  43  4:55  Stimpack  
  43  4:56  Siege Tank  
  43  4:58  Barracks Reactor x3  
  43  4:59  SCV  
  47  5:01  Starport  
  48  5:11  SCV, Engineering Bay  
  48  5:25  SCV  
  48  5:27  Marine  
  50  5:28  Siege Tank  
  53  5:38  Orbital Command, SCV  
  54  5:51  Marine  
  54  5:52  Marine x5  
  54  5:54  Medivac  
  62  6:06  Missile Turret, SCV  
  62  6:09  Marine  
  64  6:15  Marine x2  
  66  6:22  Marine x3  
  66  6:25  Starport Reactor  
  69  6:30  Marine  
  69  6:31  Marine  
  71  6:33  Marine, SCV  
  71  6:35  SCV  
  71  6:38  Marine  
  75  7:06  Marine x3  
  78  7:17  Marine x2  
  78  7:21  Marine  
Show
View Real Time Build Order
Export as new Build Order

Zyntaxable Zerg 

Build Orders: Hatch First 

Get SALT Encoding   

  12  0:01  Drone  
  13  0:09  Drone  
  14  0:17  Overlord  
  14  0:23  Extractor, Drone  
  15  0:35  Drone x2  
  17  0:54  Hatchery  
  16  0:57  Drone  
  16  1:01  Drone  
  16  1:02  Extractor  
  17  1:22  Drone  
  17  1:24  Spawning Pool  
  17  1:25  Drone  
  17  1:30  Drone  
  19  1:37  Overlord  
  19  2:00  Drone x2  
  21  2:10  Queen  
  21  2:11  Queen  
  21  2:13  Metabolic Boost  
  25  2:15  Zergling x2  
  25  2:18  Zergling x2  
  28  2:44  Drone  
  28  2:46  Extractor  
  28  2:50  Hatchery, Drone x2  
  28  2:52  Drone  
  29  3:02  Drone  
  29  3:03  Drone x2  
  32  3:08  Drone  
  32  3:10  Drone  
  34  3:19  Lair  
  34  3:23  Drone  
  35  3:36  Drone  
  35  3:37  Overlord x2  
  36  3:54  Overlord x3  
  36  3:56  Drone x3  
  39  4:05  Queen  
  39  4:09  Drone x2, Extractor x2  
  39  4:39  Drone x4  
  39  4:40  Drone x4, Spire  
  39  4:41  Drone x2  
  39  4:44  Drone x2  
  50  4:49  Spore Crawler, Drone  
  50  4:54  Spore Crawler, Drone  
  50  5:03  Drone x2  
  50  5:04  Drone x3  
  55  5:19  Spore Crawler  
  54  5:22  Drone  
  54  5:23  Drone x5  
  54  5:25  Extractor  
  54  5:27  Extractor  
  58  5:34  Overlord  
  58  5:52  Mutalisk x8, Zerg Flyer Weapons Level 1  
  74  5:57  Mutalisk  
  74  6:01  Drone  
  74  6:02  Drone x3  
  74  6:04  Mutalisk  
  80  6:10  Mutalisk  
  84  6:20  Mutalisk  
  84  6:25  Drone x3  
  89  6:39  Overlord  
  89  6:40  Overlord x4  
  87  6:56  Infestation Pit  
  86  7:01  Drone x2  
  86  7:02  Drone x4  
  86  7:03  Mutalisk  
  86  7:04  Mutalisk x4  
Show
View Real Time Build Order
Export as new Build Order

antti Protoss 

Build Orders: Dark Templar Rush 

Get SALT Encoding   

  12  0:01  Probe (Chrono Boost)  
  13  0:12  Probe (Chrono Boost)  
  14  0:18  Pylon  
  14  0:22  Probe (Chrono Boost)  
  15  0:36  Probe (Chrono Boost)  
  15  0:37  Gateway  
  16  0:43  Assimilator  
  16  0:47  Probe (Chrono Boost)  
  17  0:53  Assimilator  
  17  0:57  Probe (Chrono Boost)  
  18  1:08  Probe (Chrono Boost)  
  19  1:13  Pylon  
  19  1:28  Cybernetics Core  
  19  1:32  Probe (Chrono Boost)  
  20  1:42  Probe (Chrono Boost)  
  21  1:53  Probe (Chrono Boost)  
  22  2:04  Probe (Chrono Boost)  
  23  2:09  Twilight Council  
  23  2:11  Robotics Facility  
  23  2:14  Warp Gate (Chrono Boost)  
  23  2:19  Mothership Core  
  25  2:25  Pylon  
  25  2:36  Gateway  
  25  2:42  Gateway  
  25  2:51  Dark Shrine  
  25  3:04  Gateway  
  25  3:15  Warp Prism (Chrono Boost)  
  27  3:52  Nexus  
  27  4:39  Dark Templar x4  
  27  5:13  Probe  
  27  5:14  Probe  
  27  5:20  Assimilator  
  29  5:23  Pylon  
  29  5:24  Probe  
  29  5:25  Pylon  
  29  5:27  Probe  
  31  5:32  Gateway x2  
  31  5:50  Dark Templar x3  
  31  5:51  Dark Templar  
  29  6:48  Warp Prism  
  31  7:00  Probe  
  32  7:01  Probe  
  32  7:02  Assimilator  
  33  7:10  Probe  
  33  7:13  Probe  
Show
View Real Time Build Order
Export as new Build Order

LaWeedaLoca Zerg 

Build Orders: Hatch First 

Get SALT Encoding   

  12  0:01  Drone  
  13  0:13  Overlord  
  13  0:19  Drone  
  14  0:34  Drone x2  
  16  0:36  Drone  
  17  0:46  Drone  
  18  0:59  Hatchery  
  18  1:04  Drone  
  18  1:14  Spawning Pool  
  18  1:17  Drone  
  18  1:21  Drone  
  18  1:25  Extractor  
  18  1:49  Drone  
  19  1:58  Overlord  
  19  2:01  Queen  
  19  2:04  Zergling x2  
  22  2:10  Queen  
  22  2:12  Zergling x6  
  27  2:28  Drone x2  
  29  2:33  Metabolic Boost  
  29  2:36  Drone x2  
  31  2:39  Queen  
  31  2:43  Drone  
  34  2:49  Drone  
  35  2:54  Overlord  
  35  2:57  Drone  
  36  3:15  Drone x2  
  38  3:21  Overlord  
  38  3:22  Drone  
  39  3:27  Hatchery  
  39  3:30  Drone x3  
  39  3:33  Spore Crawler  
  40  3:36  Spore Crawler  
  39  3:51  Drone x4  
  39  3:52  Drone x3  
  46  4:05  Overlord  
  46  4:06  Drone x2  
  46  4:07  Drone x3  
  51  4:11  Extractor  
  51  4:22  Baneling Nest  
  51  4:23  Lair  
  50  4:24  Zergling x2  
  50  4:25  Zergling x8  
  50  4:29  Zergling x2  
  51  4:56  Zergling x2  
  51  4:57  Zergling x18  
  57  5:08  Extractor  
  57  5:14  Zergling x16  
  64  5:23  Extractor  
  64  5:24  Drone x3  
  64  5:25  Extractor  
  65  5:32  Drone  
  65  5:35  Centrifical Hooks  
  66  5:42  Overlord x3  
  66  5:43  Overlord x2  
  66  5:46  Baneling  
  66  5:47  Baneling x5  
  65  5:52  Drone  
  65  5:54  Overlord x3  
  65  5:55  Overlord  
  66  5:58  Overlord x3  
  66  6:02  Overseer  
  63  6:26  Hatchery  
  57  6:45  Spire  
  54  6:55  Zergling x2  
  54  6:56  Zergling x18  
  64  7:02  Baneling  
  64  7:03  Baneling x5  
Show
View Real Time Build Order
Export as new Build Order

illusio Protoss 

Build Orders: Oracle Opening 

Get SALT Encoding   

  12  0:01  Probe (Chrono Boost)  
  13  0:15  Pylon  
  13  0:17  Probe (Chrono Boost)  
  14  0:31  Probe (Chrono Boost)  
  15  0:38  Gateway  
  15  0:41  Probe (Chrono Boost)  
  16  0:46  Assimilator  
  16  0:52  Probe (Chrono Boost)  
  17  1:02  Probe (Chrono Boost)  
  18  1:08  Pylon  
  18  1:14  Probe (Chrono Boost)  
  19  1:24  Probe (Chrono Boost)  
  20  1:28  Assimilator  
  20  1:35  Probe (Chrono Boost)  
  20  1:36  Cybernetics Core  
  21  1:46  Probe (Chrono Boost)  
  22  1:56  Probe (Chrono Boost)  
  22  2:00  Nexus  
  23  2:07  Probe (Chrono Boost)  
  24  2:17  Probe (Chrono Boost)  
  24  2:22  Stargate  
  25  2:25  Stalker  
  25  2:28  Probe (Chrono Boost)  
  28  2:38  Probe (Chrono Boost)  
  29  2:48  Warp Gate  
  29  2:49  Probe (Chrono Boost)  
  30  2:59  Probe (Chrono Boost)  
  30  3:00  Stargate  
  31  3:12  Probe (Chrono Boost)  
  32  3:17  Pylon  
  32  3:18  Oracle  
  35  3:26  Probe (Chrono Boost)  
  36  3:29  Assimilator  
  36  3:30  Assimilator  
  36  3:37  Probe (Chrono Boost)  
  37  3:49  Oracle  
  40  4:03  Probe x2 (Chrono Boost)  
  40  4:07  Oracle, Pylon  
  45  4:14  Probe x2 (Chrono Boost), Gateway  
  47  4:20  Pylon  
  47  4:21  Sentry  
  47  4:22  Pylon  
  49  4:27  Probe x2 (Chrono Boost)  
  51  4:37  Oracle  
  51  4:38  Probe (Chrono Boost)  
  55  4:41  Forge  
  55  4:54  Probe x2 (Chrono Boost)  
  57  5:04  Probe x2 (Chrono Boost)  
  53  5:33  Gateway  
  53  5:34  Photon Cannon  
  53  5:35  Pylon  
  50  5:38  Phoenix (Chrono Boost), Gateway  
  50  5:39  Phoenix (Chrono Boost)  
  54  5:49  Stalker  
  56  5:50  Stalker  
  56  5:55  Probe  
  56  5:56  Probe  
  60  6:08  Probe x2  
  64  6:18  Phoenix (Chrono Boost)  
  64  6:19  Phoenix (Chrono Boost)  
  64  6:22  Gateway  
  65  6:40  Phoenix (Chrono Boost)  
  65  6:52  Phoenix (Chrono Boost)  
  65  7:01  Probe x2  
  65  7:02  Phoenix (Chrono Boost)  
  63  7:13  Probe x2  
  61  7:15  Phoenix (Chrono Boost)  
  60  7:38  Nexus  
  60  7:42  Pylon  
  60  7:45  Pylon  
  60  7:48  Pylon  
Show
View Real Time Build Order
Export as new Build Order

IlBirraioOo Terran 

Build Orders:  

Get SALT Encoding   

  12  0:01  SCV  
  13  0:13  SCV  
  14  0:18  Supply Depot  
  14  0:25  SCV  
  15  0:39  SCV  
  15  0:41  Barracks  
  16  0:46  Refinery  
  16  0:52  SCV  
  17  1:12  SCV  
  18  1:31  Orbital Command  
  18  1:32  Marine  
  19  1:35  Barracks  
  19  1:59  Marine  
  19  2:00  SCV  
  21  2:01  Command Center  
  21  2:11  Barracks  
  21  2:14  SCV  
  22  2:18  Marine  
  22  2:22  Barracks  
  23  2:49  Refinery, Supply Depot  
  23  3:00  Barracks Tech Lab  
  23  3:09  Barracks Reactor  
  23  3:11  Marine, SCV  
  25  3:17  Supply Depot  
  25  3:23  SCV  
  26  3:29  Engineering Bay x2  
  26  3:34  Marine x2  
  23  3:47  SCV  
  24  3:52  Marine  
  24  3:54  SCV  
  26  4:02  Missile Turret  
  26  4:07  Missile Turret  
  26  4:09  SCV  
  27  4:14  Marine x2  
  19  4:57  Barracks Reactor  
  16  5:06  SCV  
  16  5:18  SCV  
  17  5:22  Terran Infantry Weapons Level 1, Terran Infantry Armor Level 1  
  17  5:24  Marine x3  
  20  5:30  SCV  
  21  5:36  Missile Turret  
  21  5:38  Marine x2  
  21  5:42  Marine x3  
  26  5:55  Barracks  
  26  5:59  Marine x3  
  29  6:05  Orbital Command  
  29  6:13  Marine x2  
  29  6:15  SCV  
  32  6:30  SCV  
  32  6:31  SCV  
  34  6:35  Marine x2  
  36  6:42  SCV  
  37  6:52  Marine x4  
  41  7:07  Marine x2  
  43  7:10  Marine x2  
  40  7:44  Barracks Reactor  
Show
View Real Time Build Order
Export as new Build Order

Jhyrachy Zerg 

Build Orders: Pool First 

Get SALT Encoding   

  12  0:03  Drone  
  13  0:16  Drone  
  13  0:17  Overlord  
  14  0:36  Drone x2  
  14  0:41  Drone  
  17  0:57  Extractor  
  17  1:01  Spawning Pool  
  17  1:02  Drone  
  17  1:04  Drone  
  17  1:23  Hatchery  
  17  1:24  Drone  
  17  1:53  Hatchery  
  16  1:59  Queen  
  18  2:01  Extractor  
  17  2:09  Zergling x2  
  18  2:18  Drone x2  
  20  2:33  Drone  
  20  2:34  Drone  
  22  2:51  Queen  
  22  2:52  Drone  
  22  2:53  Drone  
  26  3:01  Drone x2  
  28  3:17  Drone  
  28  3:18  Overlord  
  29  3:23  Lair  
  29  3:27  Queen  
  31  3:44  Spore Crawler  
  30  3:51  Drone x3  
  30  3:53  Drone x3  
  30  3:54  Drone  
  36  4:31  Overlord x2  
  36  4:32  Overlord  
  36  4:52  Roach Warren  
  35  5:09  Spore Crawler  
  35  5:12  Queen  
  26  5:31  Drone x6  
  26  5:32  Drone x17  
  49  5:40  Zergling x6  
  52  5:49  Extractor  
  51  5:53  Extractor  
  50  6:26  Spine Crawler  
  49  6:32  Spore Crawler  
  49  6:35  Spine Crawler  
  42  6:54  Roach  
  42  6:55  Roach x3  
  42  6:57  Overlord x4  
  46  7:42  Spire  
Tags
 
Add a new tag
Caveats
  • Supply blocks, unpowered buildings, or Contaminate may cause inaccurate times.
  • Supply counts are checked every 10 seconds.